 Dungeon Crawl Stone Soup version 0.13-a0-2519-g3c5fe84 (webtiles) character file.

9456 Kae the Arsonist (level 11, -10/59 HPs)
             Began as a Tengu Fire Elementalist on July 24, 2013.
             Was an Elder of Vehumet.
             Mangled by a skeletal warrior
             ... wielding a +0,+0 long sword
              (22 damage)
             ... on Level 10 of the Dungeon.
             The game lasted 00:47:57 (13837 turns).

Kae the Arsonist (Tengu Fire Elementalist)         Turns: 13837, Time: 00:47:57

HP -10/59        AC 10     Str  9      XL: 11   Next: 33%
MP  19/28        EV 12     Int 18      God: Vehumet [****..]
Gold 874         SH 12     Dex 15      Spells:  6 memorised, 11 levels left

Res.Fire  : . . .   See Invis. : .   D - +4 flail (protect)
Res.Cold  : . . .   Warding    : .   a - +0 robe (curse)
Life Prot.: . . .   Conserve   : +   u - +0 dwarf buckler
Res.Poison: .       Res.Corr.  : .   B - +2 elf wizard hat
Res.Elec. : .       Clarity    : .   (no cloak)
Sust.Abil.: + .     Spirit.Shd : .   h - +0 pair of gauntlets
Res.Mut.  : .       Stasis     : .   (boots unavailable)
Res.Rott. : .       Flight     : .   e - amulet of conservation
Saprovore : . . .                    (no ring)
                                     I - ring of sustain abilities

@: somewhat resistant to hostile enchantments, fairly stealthy
A: able to fly, beak, talons 3, +10% hp
a: Fly, Renounce Religion


You were on level 10 of the Dungeon.
You worshipped Vehumet.
Vehumet was extremely pleased with you.
You were not hungry.

You visited 2 branches of the dungeon, and saw 11 of its levels.
You also visited: Bailey.

You collected 854 gold pieces.

Inventory:

Hand weapons
 C - a +2,+2 orcish short sword of venom
 D - a +4,+4 flail of protection (weapon)
Armour
 a - a cursed +0 robe (worn)
 h - a +0 pair of gauntlets (worn)
 u - a +0 dwarven buckler (worn)
 B - a +2 elven wizard hat (worn)
Magical devices
 r - a wand of paralysis (11)
 A - a wand of digging (11)
Comestibles
 c - 6 bread rations
 j - 2 pears
 m - 2 chokos
 n - 6 meat rations
 o - 2 apples
 s - a beef jerky
 t - an orange
Scrolls
 i - 9 scrolls of remove curse
 k - a scroll of immolation {unknown}
 q - a scroll of blinking
 v - a scroll of fear
 y - 3 scrolls of teleportation
 L - 3 scrolls of enchant weapon I
 R - 4 scrolls of enchant weapon II
 S - 3 scrolls of enchant weapon III
Jewellery
 e - an amulet of conservation (around neck)
 p - an uncursed ring of teleportation
 x - an uncursed ring of fire {unknown}
 I - a ring of sustain abilities (left hand)
Potions
 d - 3 potions of heal wounds
 f - 2 potions of might
 g - 4 potions of restore abilities
 w - 5 potions of invisibility
 E - 5 potions of curing
 F - a potion of agility {unknown}
 G - a potion of brilliance {unknown}
 J - a potion of magic {unknown}
 M - 3 potions of speed
 O - a potion of mutation {unknown}
Books
 b - a book of Flames

   Spells                             Type                      Level
   *Flame Tongue                      Conjuration/Fire             1
   *Throw Flame                       Conjuration/Fire             2
   *Conjure Flame                     Conjuration/Fire             3
   Inner Flame                        Hexes/Fire                   3
   *Sticky Flame                      Conjuration/Fire             4
   *Fireball                          Conjuration/Fire             5
 l - a book of Necromancy

   Spells                             Type                      Level
   Pain                               Necromancy                   1
   Animate Skeleton                   Necromancy                   1
   Lethal Infusion                    Charms/Necromancy            2
   Vampiric Draining                  Necromancy                   3
   Regeneration                       Charms/Necromancy            3
   Animate Dead                       Necromancy                   4
   Control Undead                     Necromancy                   4
 P - a book of Annihilations {highlevel}

   Spells                             Type                      Level
   Poison Arrow                       Conjuration/Poison           6
   Orb of Destruction                 Conjuration                  7
   Chain Lightning                    Conjuration/Air              8
   Lehudib's Crystal Spear            Conjuration/Earth            8
   Ice Storm                          Conjuration/Ice              9
   Fire Storm                         Conjuration/Fire             9


   Skills:
 - Level 2.1 Dodging
 - Level 2.0 Stealth
 - Level 6.4 Shields
 + Level 8.7 Spellcasting
 - Level 10.8 Conjurations
 - Level 11.3 Fire Magic


You had 11 spell levels left.
You knew the following spells:

 Your Spells              Type           Power        Failure   Level  Hunger
a - Flame Tongue          Conj/Fire      #####        1%          1    None
b - Throw Flame           Conj/Fire      #####.       1%          2    None
c - Conjure Flame         Conj/Fire      #####...     1%          3    #......
d - Sticky Flame          Conj/Fire      #####...     1%          4    ###....
e - Shock                 Conj/Air       ####         1%          1    None
f - Fireball              Conj/Fire      #####.....   1%          5    ####...


Dungeon Overview and Level Annotations

Branches:
Dungeon (10/27)            Temple (1/1) D:6             Orc (0/4) D:7
   Lair (0/8) D:10

Altars:
Cheibriados
Elyvilon
Fedhas
Kikubaaqudgha
Makhleb
Nemelex Xobeh
Sif Muna
Trog
Vehumet
Xom
Yredelemnul
Zin
the Shining One

Shops:
D:7: [(

Annotations
D:10 exclusions: fire drake, silver statue and statue


Innate Abilities, Weirdness & Mutations

You can fly.
You have a beak for a mouth.
You have claws for feet.
You are robust (+10% HP).


Message History

Casting: Flame Tongue
Confirm with . or Enter, or press ? or * to list all spells.
Aiming: Flame Tongue
Press: ? - help, Shift-Dir - straight line, f/p - skeletal warrior
Aim: a skeletal warrior, wielding a long sword (flame, severely damaged)
The flame hits the skeletal warrior.
The skeletal warrior is severely damaged.
The skeletal warrior is engulfed in roaring flames.
You block the skeletal warrior's attack.
The skeletal warrior hits you from afar with a glaive!
* * * LOW HITPOINT WARNING * * *
Casting: Flame Tongue
Confirm with . or Enter, or press ? or * to list all spells.
Aiming: Flame Tongue
Press: ? - help, Shift-Dir - straight line, f/p - skeletal warrior
Aim: a skeletal warrior, wielding a long sword (flame, almost destroyed)
The flame misses the skeletal warrior.
The skeletal warrior is engulfed in roaring flames.
The skeletal warrior hits you with a long sword!
You die...

#.......###...#####.#
#.#####.##.#.#.## # #.#
#.........#
#.########.#.#..##
#.........(.#....#
#.#####..###.##..# #.# #..#
#.##..# #>#####..###.##).#
#zzz@........##..#
#.#####..###.##..#
...zz..z............##..###
....###.####...###.#.....#
.. .......#.........#.#
.........###.#####.#
##............# #.#
...........##### #.#
#.#####........# #.#


You could see 3 skeletal warriors.

Vanquished Creatures
  A hill giant (D:10)
  Pikel (D:8)
  3 orc knights (Bailey)
  Joseph (D:8)
  Psyche (D:9)
  A steam dragon (D:8)
  2 trolls (D:9)
  A hippogriff (D:7)
  A hungry ghost (D:10)
  Edmund (D:4)
  11 orc warriors
  A slave (D:8)
  4 ice beasts
  3 centaurs
  3 phantoms
  A sky beast (D:9)
  3 ogres
  A crocodile (D:9)
  Blork the orc (D:9)
  4 giant frogs
  A yak zombie (D:8)
  3 crimson imps
  6 orc priests
  4 hounds
  2 centaur skeletons
  3 scorpions
  3 iguanas
  A water moccasin skeleton (D:9)
  5 worker ants
  12 orc wizards
  Ijyb (D:5)
  Jessica (D:2)
  An ogre skeleton (D:9)
  Terence (D:3)
  2 jellies
  A mummy (D:9)
  10 adders
  A big fish zombie (D:4)
  A giant mite (D:1)
  3 worms (D:4)
  A scorpion zombie (D:6)
  An adder zombie (D:9)
  4 giant eyeballs
  5 giant geckos
  2 oozes
  79 orcs
  A ball python (D:3)
  11 bats
  2 bat zombies
  4 giant cockroaches
  12 hobgoblins
  13 jackals
  16 kobolds
  4 quokkas
  7 giant newts
  2 giant spores
  15 goblins
  A hobgoblin zombie (D:5)
  A quokka skeleton (D:4)
  21 rats
  2 rat zombies
  5 ballistomycetes
  4 fungi (D:5)
320 creatures vanquished.

Vanquished Creatures (others)
  A wyvern (D:8)
  3 slaves (D:8)
  A giant spore (D:8)
5 creatures vanquished.

Grand Total: 325 creatures vanquished

Notes
Turn   | Place    | Note
--------------------------------------------------------------
     0 | D:1      | Kae, the Tengu Fire Elementalist, began the quest for the Orb.
     0 | D:1      | Reached XP level 1. HP: 10/10 MP: 3/3
   123 | D:1      | Reached XP level 2. HP: 9/15 MP: 0/5
   635 | D:1      | Reached XP level 3. HP: 11/19 MP: 1/6
  1210 | D:2      | Noticed Jessica
  1223 | D:2      | Killed Jessica
  1223 | D:2      | Reached skill level 4 in Conjurations
  1224 | D:2      | Reached XP level 4. HP: 24/24 MP: 1/8
  1513 | D:2      | Found a white marble altar of Elyvilon.
  2022 | D:2      | Found a snail-covered altar of Cheibriados.
  2259 | D:3      | Learned a level 2 spell: Throw Flame
  2324 | D:3      | Found a snail-covered altar of Cheibriados.
  2362 | D:3      | Found a shimmering altar of Xom.
  2363 | D:3      | Found a shimmering altar of Xom.
  2364 | D:3      | Found a shimmering altar of Xom.
  2364 | D:3      | Found a shimmering altar of Xom.
  2364 | D:3      | Found a shimmering altar of Xom.
  2365 | D:3      | Found a shimmering altar of Xom.
  2577 | D:3      | Noticed Terence
  2597 | D:3      | Killed Terence
  2597 | D:3      | Reached skill level 5 in Conjurations
  2597 | D:3      | Reached XP level 5. HP: 23/28 MP: 3/10
  3162 | D:4      | Reached skill level 1 in Shields
  3187 | D:4      | Learned a level 3 spell: Conjure Flame
  3252 | D:4      | Found a basalt altar of Yredelemnul.
  3472 | D:4      | Noticed Edmund
  3480 | D:4      | Killed Edmund
  3480 | D:4      | Reached skill level 5 in Fire Magic
  3480 | D:4      | Reached XP level 6. HP: 29/32 MP: 5/13
  4077 | D:4      | Found an ancient bone altar of Kikubaaqudgha.
  4220 | D:4      | Reached XP level 7. HP: 28/36 MP: 14/14
  4243 | D:4      | Reached skill level 6 in Conjurations
  4457 | D:5      | Entered Level 5 of the Dungeon
  5004 | D:5      | Noticed Ijyb
  5011 | D:5      | Killed Ijyb
  5813 | D:6      | Found a staircase to the Ecumenical Temple.
  5831 | D:6      | Reached XP level 8. HP: 12/41 MP: 9/18
  6006 | Temple   | Entered the Ecumenical Temple
  6036 | Temple   | Became a worshipper of Vehumet
  6474 | D:6      | Reached skill level 7 in Fire Magic
  7054 | D:7      | Found a blossoming altar of Fedhas.
  7263 | D:7      | Acquired Vehumet's first power
  7263 | D:7      | Offered knowledge of Shock by Vehumet.
  7289 | D:7      | Learned a level 4 spell: Sticky Flame
  7291 | D:7      | Learned a level 1 spell: Shock
  7504 | D:7      | Found Prohad's Armour Shop.
  7505 | D:7      | Found a staircase to the Orcish Mines.
  7530 | D:7      | Reached skill level 8 in Fire Magic
  7568 | D:7      | Reached XP level 9. HP: 45/45 MP: 5/21
  7947 | D:7      | Found Cloecw's Weapon Shop.
  8098 | D:7      | Learned a level 5 spell: Fireball
  8398 | D:7      | Paralysed by a giant eyeball for 4 turns
  8402 | D:7      | Offered knowledge of Magic Dart by Vehumet.
  8812 | D:8      | Noticed Pikel
  8824 | D:8      | Killed Pikel
  8824 | D:8      | Reached skill level 5 in Shields
  8824 | D:8      | Reached skill level 9 in Fire Magic
  8938 | D:8      | Noticed Joseph
  8992 | D:8      | Reached skill level 5 in Spellcasting
  9073 | D:8      | Found a flagged portal.
  9079 | Bailey   | Entered a bailey
  9359 | Bailey   | Offered knowledge of Mephitic Cloud by Vehumet.
  9378 | Bailey   | HP: 1/45 [orc warrior/orcish glaive (17)]
  9716 | Bailey   | Noticed an orc knight
  9740 | Bailey   | Reached XP level 10. HP: 50/50 MP: 10/23
  9747 | Bailey   | Killed an orc knight
  9747 | Bailey   | Reached skill level 10 in Fire Magic
  9876 | Bailey   | Noticed an orc knight
  9884 | Bailey   | Killed an orc knight
 10038 | Bailey   | Acquired Vehumet's second power
 10067 | Bailey   | Noticed an orc knight
 10094 | Bailey   | Killed an orc knight
 10341 | D:8      | Got an ichor-stained halberd
 10347 | D:8      | Identified the halberd of Iliesm {flame, rF+ rC+ Dex+2 Stlth++} (You found it on level 8 of the Dungeon)
 10689 | D:8      | Reached skill level 10 in Conjurations
 10698 | D:8      | Found a glowing silver altar of Zin.
 10896 | D:8      | Found a deep blue altar of Sif Muna.
 11069 | D:8      | Found a burning altar of Makhleb.
 11083 | D:8      | Reached skill level 11 in Fire Magic
 11643 | D:8      | Killed Joseph
 11995 | D:9      | Reached XP level 11. HP: 42/54 MP: 17/26
 12108 | D:9      | Gained mutation: You are robust (+10% HP). [potion of beneficial mutation]
 12122 | D:9      | Noticed Psyche
 12127 | D:9      | Killed Psyche
 12279 | D:9      | Noticed Blork the orc
 12290 | D:9      | Killed Blork the orc
 12335 | D:9      | Offered knowledge of Iskenderun's Battlesphere by Vehumet.
 12777 | D:9      | Paralysed by you for 7 turns
 13123 | D:10     | Entered Level 10 of the Dungeon
 13131 | D:10     | Acquired Vehumet's third power
 13216 | D:10     | Noticed a hill giant
 13224 | D:10     | Killed a hill giant
 13409 | D:10     | Found a staircase to the Lair.
 13826 | D:10     | Noticed a skeletal warrior
 13826 | D:10     | Noticed a skeletal warrior
 13826 | D:10     | Noticed a skeletal warrior
 13826 | D:10     | Noticed a skeletal warrior
 13826 | D:10     | Noticed a skeletal warrior
 13837 | D:10     | Mangled by a skeletal warrior

Action                   |  1- 3 |  4- 6 |  7- 9 | 10-12 || total
-------------------------+-------+-------+-------+-------++-------
Melee: Unarmed           |    24 |    26 |       |       ||    50
       Short sword       |       |    21 |    41 |       ||    62
       Flail             |       |       |    83 |    44 ||   127
 Cast: Flame Tongue      |    50 |   132 |   237 |   166 ||   585
       Throw Flame       |       |     3 |    40 |    45 ||    88
       Conjure Flame     |       |     1 |    14 |     8 ||    23
       Fireball          |       |       |     8 |     8 ||    16
       Sticky Flame      |       |       |     3 |    15 ||    18
 Abil: Fly               |       |       |     3 |       ||     3
Evoke: Wand              |       |       |     7 |     3 ||    10
  Use: Scroll            |       |       |    27 |     4 ||    31
       Potion            |       |       |       |     2 ||     2
 Stab: Sleeping          |       |     4 |     3 |     2 ||     9
